 Dungeon Crawl Stone Soup version 0.28.0-62-gf88900778d (webtiles) character file.

Game seed: 1696402478005638938

22 AarnesTheHuman the Sneak (level 2, 18/18 HPs)
             Began as an Octopode Transmuter on Mar 20, 2023.
             Got out of the dungeon alive.
             The game lasted 00:02:15 (1260 turns).

AarnesTheHuman the Sneak (Octopode Transmuter)      Turns: 1260, Time: 00:02:15

Health: 18/18      AC:  1    Str:  9    XL:     2   Next: 91%
Magic:  5/5        EV: 13    Int: 15    God:
Gold:   33         SH:  0    Dex: 12    Spells: 4/5 levels left

rFire   . . .      SeeInvis .     - Unarmed
rCold   . . .      Faith    .   (no shield)
rNeg    . . .      Spirit   .   (helmet restricted)
rPois   .          Reflect  .   (no amulet)
rElec   .          Harm     .   (no ring)
rCorr   .          Rampage  .   (no ring)
Will    .....                   (no ring)
Stlth   +++.......              (no ring)
HPRegen 0.06/turn               (no ring)
MPRegen 0.09/turn               (no ring)
                                (no ring)
                                (no ring)

@: no status effects
A: almost no armour, amphibious, 8 rings, camouflage 1, gelatinous body 1,
(nimble swimmer 1), tentacles
a: no special abilities


You escaped.
You visited 1 branch of the dungeon, and saw 1 of its levels.

You collected 33 gold pieces.

Inventory:

Scrolls
 d - a scroll of identify {unknown}
 e - a scroll of vulnerability {unknown}
Potions
 a - a potion of curing {unknown}
 b - a potion of mutation {unknown}
 c - a potion of degeneration {unknown}
 f - a potion of magic {unknown}


   Skills:
 - Level 1.0 Fighting
 - Level 2.0 Dodging
 + Level 3.6 Stealth
 - Level 3.0 Unarmed Combat
 - Level 2.0 Spellcasting
 - Level 2.0 Transmutations


You had 4 spell levels left.
You knew the following spells:

 Your Spells              Type           Power      Damage    Failure   Level
a - Beastly Appendage     Tmut           14%        N/A       10%         1

Your spell library contained the following spells:

 Spells                   Type           Power      Damage    Failure   Level
 Wereblood                Tmut           7%         N/A       14%         2
 Spider Form              Tmut/Pois      4%         N/A       41%         3
 Ice Form                 Ice/Tmut       4%         N/A       82%         4


Dungeon Overview and Level Annotations

Branches:
Dungeon (1/15)

Altars:


Innate Abilities, Weirdness & Mutations

You cannot wear most types of armour.
You are amphibious.
You can wear up to eight rings at the same time.
Your skin changes colour to match your surroundings (Stealth+).
Your rubbery body absorbs attacks. (AC +1, EV +1)
((You are camouflaged when in or above water. (Stealth+)))
You have tentacles for arms and can constrict up to eight enemies at once.


Message History

The endoplasm freezes you.
You are frozen.
You tentacle-slap the endoplasm. You squeeze the endoplasm.
The endoplasm is almost dead.
The endoplasm misses you.
You tentacle-slap the endoplasm.
You kill the endoplasm!
Found a stone staircase leading down.
You see here 9 stones.
e - a scroll labelled KOANIQ LUUBRUI
There is an open door here.
You now have 33 gold pieces (gained 10).
Things that are here:
a +0 dagger; 4 stones You see here a +0 short sword.
You open the door.
There is an open door here.
f - a sedimented golden potion You open the door.
There is an open door here.
As you open the door, it creaks loudly!
There is an open door here.
A ball python comes into view.
A ball python is nearby!
The helpless ball python fails to defend itself.
You tentacle-slap the ball python.
You kill the ball python!
No target in view!
Done exploring.
Done exploring.
Done exploring.
You see here a +0 dagger.
There is an open door here.
There is an open door here.
There is an open gate here.
There is a large open door here.
There is an open door here.
There is a staircase leading out of the dungeon here.
Are you sure you want to leave the Dungeon?
This will make you lose the game!
You have escaped!

..# ##.# ..# #.. ..# ##.
..# #. ..# ## ### #
###### # ###.'..#
#...#.@# ############
####''#### #.......##..
#⌠P#...# #.......##..
#.P#.♣.#♣♣♣ #.......##..
#.P#...#♣8♣ #.......'...
#..#'''#♣.♣###.......####
#..........#.........##..
#.########.#.####'#####..
#.# #...# #.# #..


There were no monsters in sight!

Vanquished Creatures
  A dart slug (D:1)
  2 ball pythons (D:1)
  2 endoplasms (D:1)
  A giant cockroach (D:1)
  3 goblins (D:1)
  A hobgoblin (D:1)
  2 quokkas (D:1)
  6 kobolds (D:1)
18 creatures vanquished.

Notes
Turn   | Place    | Note
-------+----------+-------------------------------------------
     0 | D:1      | AarnesTheHuman the Octopode Transmuter began the quest for
                  | the Orb.
     0 | D:1      | Reached XP level 1. HP: 13/13 MP: 3/3
   226 | D:1      | Reached skill level 1 in Stealth
   509 | D:1      | Reached XP level 2. HP: 15/18 MP: 3/5
  1260 | D:$      | Got out of the dungeon alive.

Illustrated notes

Levels and vault maps discovered:
D:1:      sevenhm_arrival_forest_fort_small_3, layout_basic, minmay_tall_x

Skill      XL: |  1  2 |
---------------+-------+-----
Stealth        | 2 3 |  3.6
Fighting       | |  1.0
Dodging        | |  2.0
Unarmed Combat | |  3.0
Spellcasting   | |  2.0
Transmutations | |  2.0

Action                   || total
-------------------------++-------
Melee: Unarmed           ||    35
       Kick              ||     6
       Tentacles         ||     6
       Punch             ||     3
       Constrict         ||     5
 Cast: Beastly Appendage ||    11
 Stab: Sleeping          ||     4
Armor: Skin              ||     2
Dodge: Dodged            ||    18
